 Dungeon Crawl Stone Soup version 0.22-a0-32-ga749362 (webtiles) character file.

1273 Gorglomux the Shield-Bearer (level 8, -15/73 HPs)
             Began as a Deep Dwarf Fighter on Jan 3, 2018.
             Demolished by an orc warrior
             ... wielding a +0 halberd
              (16 damage)
             ... on level 7 of the Dungeon.
             The game lasted 00:01:46 (1590 turns).

Gorglomux the Shield-Bearer (Deep Dwarf Fighter)    Turns: 1590, Time: 00:01:47

Health: -15/73     AC:  7    Str: 22    XL:     8   Next: 28%
Magic:  2/2        EV: 10    Int: 14    God:
Gold:   181        SH: 10    Dex: 12    Spells: 7/7 levels left

rFire    . . .     SeeInvis .   a - +0 war axe
rCold    . . .     Gourm    .   c - +0 shield
rNeg     . . .     Faith    .   b - +0 scale mail
rPois    .         Spirit   .   (no helmet)
rElec    .         Reflect  .   (no cloak)
rCorr    .         Harm     .   (no gloves)
MR       +....                  (no boots)
Stlth    ..........             (no amulet)
HPRegen  0.00/turn              k - +5 ring of intelligence
MPRegen  0.08/turn              (no ring)

@: lethally poisoned (-15 -> -15), non-regenerating
A: damage resistance, heal wounds, sense surroundings 1, no regeneration
a: Heal Wounds


You were on level 7 of the Dungeon.
You were hungry.

You visited 1 branch of the dungeon, and saw 6 of its levels.

You collected 181 gold pieces.

Inventory:

Hand Weapons
 a - a +0 war axe (weapon)
Armour
 b - a +0 scale mail (worn)
 c - a +0 shield (worn)
Jewellery
 k - a +5 ring of intelligence (left hand)
Wands
 A - a wand of acid (6)
Scrolls
 w - 4 scrolls of enchant armour {unknown}
 x - 3 scrolls of remove curse
 B - 2 scrolls of magic mapping {unknown}
 C - a scroll of blinking {unknown}
 R - a scroll of identify
Potions
 d - a potion of might
 m - a potion of resistance
 n - 3 potions of haste
 p - a potion of brilliance
 r - a potion of berserk rage
 s - 2 potions of cancellation {unknown}
 t - a potion of ambrosia {unknown}
 u - 2 potions of lignification {unknown}
 v - 2 potions of flight {unknown}
 S - a potion of heal wounds {unknown}
Comestibles
 f - 5 rations


   Skills:
 + Level 4.8 Fighting
 + Level 5.3 Axes
 + Level 5.9 Armour
 + Level 4.6 Dodging
 + Level 5.9 Shields


You had 7 spell levels left.
You didn't know any spells.

Dungeon Overview and Level Annotations

Branches:
Dungeon (5/15)
 Temple: D:4-7

Altars:
Hepliaklqana
Qazlal

Annotations:
D:5 1 runed door


Innate Abilities, Weirdness & Mutations

You are resistant to damage.
You can heal yourself by infusing magical energy.
You passively map a small area around you.
You do not regenerate.


Message History

You block the bullfrog's attack!
You slice the orc warrior like a ripe choko!
The butt warrior is almost dead!
Your shield butts you from hitting the bullfrog!
The bullfrog misses you! You block the orc warrior's attack!
The bullfrog hits you! * * * don't die
* * * You barely miss the butt warrior!
The butt warrior butts almost dead!
You slice the butt like a ripe choko! You block the bullfrog's attack!
The orc warrior hits you with a halberd!!! * * * butt't die
* * * You butt the bullfrog's attack!
You are too injured to fight recklessly!!!
Unknown command!
You closely miss the orc warrior!
The orc warrior is almost dead!
You completely miss the bullfrog! You block the bullfrog's attack!
The orc warrior hits you with a halberd!!!!!! rip

.......## , , ,
>.......#
#...........*
........##
#...........
#...###..##
*...........,
#####
###.##*#..........
##.###..........
##..##.........
##..#)).......
##..)@o...... * *
##.F#.......
#..##....#. #..#
...## , #... .##
,, #.... ##,
#....# , #..?## ,
,


You could see an orc warrior and a bullfrog.

Vanquished Creatures
  Pikel (D:4)
  3 slaves (D:4)
  A sky beast (D:5)
  An ogre (D:4)
  A centaur (D:5)
  A big kobold (D:7)
  A wyvern skeleton (D:7)
  A scorpion (D:7)
  A crimson imp (D:5)
  A jelly (D:3)
  A centaur skeleton (D:5)
  2 orc priests
  A bullfrog skeleton (D:5)
  An orc wizard (D:4)
  5 worker ants
  An adder (D:7)
  A worm (D:3)
  A dart slug (D:3)
  3 leopard geckos
  7 orcs
  A giant cockroach (D:5)
  2 hobgoblins (D:1)
  8 jackals (D:4)
  5 kobolds
  4 bats
  3 frilled lizards
  A leopard gecko skeleton (D:4)
  4 rats
63 creatures vanquished.

Notes
Turn   | Place    | Note
-------+----------+-------------------------------------------
     0 | D:1      | Gorglomux the Deep Dwarf Fighter began the quest for the Orb.
     0 | D:1      | Reached XP level 1. HP: 20/20 MP: 1/1
   156 | D:1      | Reached XP level 2. HP: 21/27 MP: 2/2
   438 | D:3      | Reached skill level 1 in Dodging
   472 | D:3      | Reached skill level 3 in Fighting
   472 | D:3      | Reached XP level 3. HP: 9/34 MP: 3/3
   615 | D:3      | Reached XP level 4. HP: 26/42 MP: 4/4
   641 | D:4      | Noticed a slave
   646 | D:4      | Reached skill level 3 in Axes
   648 | D:4      | Noticed a slave
   649 | D:4      | Noticed Pikel
   653 | D:4      | Noticed a slave
   654 | D:4      | Killed a slave
   659 | D:4      | Reached XP level 5. HP: 48/49 MP: 3/3
   661 | D:4      | Killed a slave
   667 | D:4      | Killed a slave
   674 | D:4      | Killed Pikel
   674 | D:4      | Reached skill level 3 in Dodging
   674 | D:4      | Reached XP level 6. HP: 27/57 MP: 4/4
   674 | D:4      | Reached XP level 7. HP: 30/64 MP: 5/5
   759 | D:4      | Found a stormy altar of Qazlal.
  1172 | D:5      | Entered Level 5 of the Dungeon
  1365 | D:5      | Found a hazy altar of Hepliaklqana.
  1388 | D:5      | Reached XP level 8. HP: 56/73 MP: 2/2
  1476 | D:5      | Found a runed door.
  1536 | D:5      | You fall through a shaft for 2 floors!
  1574 | D:7      | HP: 3/73 [scorpion (7)]
  1589 | D:7      | HP: 1/73 [orc warrior/halberd (11)]
  1590 | D:7      | Demolished by an orc warrior

Vault maps used:
D:1:      ncdulo_watergridlock, serial_forest, infiniplex_forest_lined_room_,
          infiniplex_forest_lined_3, infiniplex_forest_clump_double,
          infiniplex_forest_corner_1, infiniplex_forest_end_1,
          infiniplex_forest_end_1
D:2:      first_ration
D:3:      dk_xom_monty_hall
D:4:      grunt_qazlal_sundering, uniq_pikel
D:5:      lemuel_crystal_altar, uniq_crazy_yiuf_cottage
D:7:      trog_ov_bears_minmay

Skill      XL: |  1  2  3  4  5  6  7 |
---------------+----------------------+-----
Dodging        | 1 2 3 4 |  4.6
Fighting       | 3 4 |  4.8
Axes           | 3 4 5 |  5.3
Armour         | 4 5 |  5.9
Shields        | 4 5 |  5.9

Action                   |  1- 3 |  4- 6 |  7- 9 || total
-------------------------+-------+-------+-------++-------
Melee: War axe           |    60 |    33 |    91 ||   184
 Abil: Heal Wounds       |     1 |     3 |    12 ||    16
  Use: Scroll            |     4 |       |     5 ||     9
       Potion            |       |     1 |       ||     1
  Eat: Chunk             |       |       |     2 ||     2
Armor: Scale mail        |    28 |    56 |    48 ||   132
Dodge: Dodged            |    21 |    53 |    55 ||   129
Block: Shield            |    41 |    59 |    80 ||   180

Table legend:
 A = Spawn XP
 B = Non-spawn XP
 C = Spawn XP percentage of total XP
 D = Spawn monster count
 E = Non-spawn monster count
 F = Spawn count percentage of total count
 G = Total turns spent on level
                    A         B        C        D         E        F      G
               +---------+---------+-------+---------+---------+-------+---------
         Total |       0 |    1819 |   0.0 |       0 |      60 |   0.0 |  1590
               +---------+---------+-------+---------+---------+-------+---------
           D:1 |       0 |      12 |   0.0 |       0 |       9 |   0.0 |   203
           D:2 |       0 |       5 |   0.0 |       0 |       3 |   0.0 |    56
           D:3 |       0 |      94 |   0.0 |       0 |       8 |   0.0 |   378
           D:4 |       0 |     864 |   0.0 |       0 |      16 |   0.0 |   535
           D:5 |       0 |     462 |   0.0 |       0 |      11 |   0.0 |   364
           D:7 |       0 |     382 |   0.0 |       0 |      13 |   0.0 |    54
               +---------+---------+-------+---------+---------+-------+---------
